 Dungeon Crawl Stone Soup version 0.19-a0-1225-gf887c1c (webtiles) character file.

21679 Jivvin the Brawler (level 12, 0/106 HPs)
             Began as a Troll Monk on Aug 25, 2016.
             Splashed by an acid blob's acid (3 damage)
             ... on level 1 of the Pits of Slime.
             The game lasted 00:15:58 (10808 turns).

Jivvin the Brawler (Troll Monk)                    Turns: 10808, Time: 00:15:59

Health: 0/106      AC:  8    Str: 24      XL:     12   Next: 56%
Magic:  11/11      EV: 14    Int:  5 (6)  God:
Gold:   375        SH:  0    Dex: 12 (14) Spells: 0 memorised, 11 levels left

rFire  . . .     SeeInvis .       - Unarmed
rCold  . . .     Gourm    +     q - +2 robe {MR+}
rNeg   . . .     Faith    .     (no shield)
rPois  +         Spirit   .     (helmet restricted)
rElec  .         Dismiss  .     F - +2 cloak
rCorr  .         Reflect  .     (gloves unavailable)
MR     ++...     Harm     .     (boots unavailable)
Stlth  +.........               (no amulet)
                                v - ring of protection from magic
                                n - +6 ring of protection

@: corroded
A: unfitting armour, claws 3, deterioration 1, fast metabolism 3, frail 1,
gourmand, poison resistance, regeneration 1, shaggy fur 1, tough skin 2
a: no special abilities


You were on level 1 of the Pits of Slime.
You were not hungry.

You visited 4 branches of the dungeon, and saw 16 of its levels.

You collected 549 gold pieces.
You spent 174 gold pieces at shops.

Inventory:

Armour
 q - a +2 robe of magic resistance (worn)
 F - a +2 cloak (worn)
Jewellery
 n - a +6 ring of protection (left claw)
 v - a ring of protection from magic (right claw)
 A - a -3 ring of evasion
Wands
 e - a wand of polymorph (17/24)
 h - a wand of paralysis (10/24)
 j - a wand of iceblast (0/15)
 k - a wand of enslavement (10/24)
 u - a wand of teleportation (3/9)
 x - a wand of flame (29/48)
 z - a wand of lightning (10/15)
 D - a wand of paralysis (16/24)
Scrolls
 d - 7 scrolls of teleportation
 f - a scroll of blinking
 m - 4 scrolls of fog
 t - a scroll of noise
 w - a scroll of brand weapon
 y - a scroll of enchant weapon
 B - 2 scrolls of identify
Potions
 p - a potion of magic
 s - a potion of lignification
Books
 a - a book of Conjurations

   Spells                             Type                      Level
   a - Magic Dart                     Conjuration                  1
   b - Searing Ray                    Conjuration                  2
   c - Dazzling Spray                 Conjuration/Hexes            3
   d - Fulminant Prism                Conjuration/Hexes            4
   e - Iskenderun's Mystic Blast      Conjuration                  4
   f - Iskenderun's Battlesphere      Conjuration/Charms           5
Comestibles
 b - 3 bread rations
 c - 6 slices of pizza
 g - 19 fruits
 l - 2 beef jerkies
 o - a royal jelly
 r - 2 meat rations


   Skills:
 - Level 7.1 Fighting
 * Level 8.9 Dodging
 - Level 1.1 Stealth
 - Level 16.2 Unarmed Combat


You had 11 spell levels left.
You didn't know any spells.

Dungeon Overview and Level Annotations

Branches:
Dungeon (9/15)             Temple (1/1) D:6            Lair (5/6) D:8
 Shoals (0/4) Lair:2        Snake (0/4) Lair:2        Slime (1/5) Lair:5
    Orc: D:9-12

Altars:
Ashenzari
Cheibriados
Elyvilon
Fedhas
Gozag
Hepliaklqana
Kikubaaqudgha
Makhleb
Okawaru
Qazlal
Ru
Sif Muna
Trog
Uskayaw
Vehumet
Xom
Yredelemnul
The Shining One

Shops:
D:6 *


Innate Abilities, Weirdness & Mutations

You are too large for most types of armour.
You have claws for hands.
Your metabolism is lightning-fast.
You like to eat raw meat.
Your natural rate of healing is unusually fast.
You are covered in fur. (AC +1)
You have very tough skin. (AC +2)
Your body sometimes deteriorates upon taking damage.
You are frail. (-10% HP)
Your system is resistant to poisons. (rPois)


Message History

The acid blob spits acid at you. The splash of acid hits you!
The acid corrodes you!
The acid burns!
* * * LOW HITPOINT WARNING * * *
You are too injured to fight recklessly!
You are too injured to fight recklessly!
You scratch the acid blob but do no damage.
Your claws burn!
* * * LOW HITPOINT WARNING * * *
The acid blob is lightly wounded.
The acid blob spits acid at you. The splash of acid hits you!
* * * LOW HITPOINT WARNING * * *
The acid corrodes you!
The acid burns!
* * * LOW HITPOINT WARNING * * *
You claw the acid blob!
Your claws burn!
* * * LOW HITPOINT WARNING * * *
The acid blob is moderately wounded.
Unknown command.
You mangle the acid blob!!
Your claws burn!
You die...

..................#
.................##
.......#.#........#
........##...#....#
.....#.J...........
#..................
#..................
##.##..J..#........
##. ##.@.###...#.#.
#...#.....#.....##
#..............##
#......<......##
#.............#
##..#.....#..##
#####...#####
#..... #.....#


You could see 2 acid blobs.

Vanquished Creatures
  2 hydras
  The ghost of Kurtz the Ogre Mage, a novice OgCj of Vehumet (D:7)
  4 death yaks
  Pikel (D:3)
  A black mamba (Lair:1)
  5 spiny frogs
  2 rime drakes
  3 komodo dragons
  4 polar bears (Lair:1)
  Grinder (D:4)
  11 slime creatures (Lair:5)
  The ghost of fantismo the Slasher, an amateur TeFi (D:4)
  22 yaks
  A hippogriff (Lair:1)
  Eustachio (D:4)
  A hungry ghost (D:7)
  Menkaure (D:6)
  3 nagas (Lair:2)
  The ghost of elan the Insei, an amateur OpTm (D:3)
  4 water moccasins
  3 porcupines
  2 ice beasts
  A slave (D:3)
  7 black bears (Lair:1)
  A sky beast (D:8)
  An orc warrior (D:6)
  2 phantoms
  9 wolves
  6 centaurs
  3 ogres
  4 crocodiles
  Blork the orc (D:4)
  2 big kobolds (D:8)
  10 giant frogs
  Dowan (D:6)
  A water moccasin zombie (D:7)
  A water moccasin skeleton (D:4)
  A wyvern skeleton (D:8)
  4 scorpions
  3 wights (D:6)
  2 electric eels (D:8)
  A crimson imp (D:6)
  A centaur zombie (D:9)
  A giant frog zombie (D:8)
  2 hounds
  A centaur skeleton (D:6)
  An orc priest (D:6)
  5 iguanas
  Ijyb (D:3)
  4 orc wizards
  6 worker ants
  2 sheep (D:8)
  2 hound skeletons
  A worker ant zombie (D:7)
  A howler monkey skeleton (D:6)
  9 adders
  14 river rats
  4 shadow imps
  An adder skeleton (D:4)
  2 worms
  2 dart slugs
  3 giant geckos
  20 orcs
  2 bats
  2 giant cockroaches
  7 goblins
  4 hobgoblins
  5 jackals
  5 quokkas
  2 ball pythons
  2 giant gecko zombies
  3 giant newts
  6 kobolds
  A quokka skeleton (D:5)
  8 rats
  A fungus (D:8)
  2 plants (D:8)
269 creatures vanquished.

Vanquished Creatures (others)
  Duvessa (D:6)
  A slave (D:4)
  2 fulminant prisms (D:7)
  A fungus (Lair:2)
5 creatures vanquished.

Grand Total: 274 creatures vanquished

Notes
Turn   | Place    | Note
-------+----------+-------------------------------------------
     0 | D:1      | Jivvin the Troll Monk began the quest for the Orb.
     0 | D:1      | Reached XP level 1. HP: 22/22 MP: 0/0
   179 | D:1      | Reached XP level 2. HP: 29/29 MP: 1/1
   636 | D:2      | Reached skill level 4 in Unarmed Combat
   658 | D:2      | Found a bloodstained altar of Trog.
   892 | D:3      | Reached XP level 3. HP: 36/36 MP: 2/2
  1024 | D:3      | Noticed Ijyb
  1034 | D:3      | Killed Ijyb
  1034 | D:3      | Reached skill level 5 in Unarmed Combat
  1034 | D:3      | Reached XP level 4. HP: 44/44 MP: 3/3
  1184 | D:3      | Noticed elan's ghost (amateur OpTm)
  1196 | D:3      | Killed elan's ghost
  1196 | D:3      | Reached skill level 6 in Unarmed Combat
  1196 | D:3      | Reached XP level 5. HP: 24/50 MP: 4/4
  1286 | D:3      | Found a white marble altar of Elyvilon.
  1531 | D:3      | Reached XP level 6. HP: 40/59 MP: 5/5
  1595 | D:4      | Noticed a slave
  1606 | D:3      | Killed a slave
  1623 | D:4      | Noticed a slave
  1625 | D:4      | Noticed Pikel
  1625 | D:4      | Noticed a slave
  1625 | D:4      | Noticed a slave
  1628 | D:4      | Noticed Grinder
  1648 | D:3      | Killed Pikel
  1648 | D:3      | Reached skill level 8 in Unarmed Combat
  1648 | D:3      | Reached XP level 7. HP: 23/66 MP: 6/6
  1777 | D:4      | Reached skill level 9 in Unarmed Combat
  1829 | D:4      | Noticed Eustachio
  1855 | D:4      | Killed Eustachio
  1855 | D:4      | Reached XP level 8. HP: 30/74 MP: 7/7
  2053 | D:4      | Noticed fantismo's ghost (amateur TeFi)
  2062 | D:4      | Killed fantismo's ghost
  2062 | D:4      | Reached skill level 10 in Unarmed Combat
  2223 | D:4      | Paralysed by Grinder for 6 turns
  2236 | D:4      | Paralysed by Grinder for 4 turns
  2241 | D:4      | Killed Grinder
  2476 | D:4      | Found a bloodstained altar of Trog.
  2522 | D:4      | Noticed Blork the orc
  2529 | D:4      | Killed Blork the orc
  2529 | D:4      | Reached skill level 11 in Unarmed Combat
  2615 | D:5      | Entered Level 5 of the Dungeon
  2688 | D:5      | Found a hide-covered altar of Uskayaw.
  2691 | D:5      | Found a snail-covered altar of Cheibriados.
  2696 | D:5      | Found a stormy altar of Qazlal.
  2698 | D:5      | Found a blossoming altar of Fedhas.
  2725 | D:5      | Found a sacrificial altar of Ru.
  2764 | D:5      | Found a shattered altar of Ashenzari.
  2998 | D:6      | Noticed Duvessa
  2999 | D:6      | Noticed Dowan
  3009 | D:6      | Killed Duvessa
  3011 | D:6      | Noticed Menkaure
  3016 | D:6      | Killed Dowan
  3022 | D:6      | Killed Menkaure
  3022 | D:6      | Reached skill level 12 in Unarmed Combat
  3022 | D:6      | Reached XP level 9. HP: 37/80 MP: 8/8
  3162 | D:6      | Found a staircase to the Ecumenical Temple.
  3206 | D:6      | Found Dubbi's General Store.
  3217 | D:6      | Bought a bread ration for 60 gold pieces
  3217 | D:6      | Bought a scroll of recharging for 114 gold pieces
  3281 | Temple   | Entered the Ecumenical Temple
  4052 | D:7      | Noticed Kurtz's ghost (novice OgCj)
  4062 | D:7      | Killed Kurtz's ghost
  4062 | D:7      | Reached skill level 13 in Unarmed Combat
  4879 | D:7      | Reached skill level 14 in Unarmed Combat
  5023 | D:7      | Reached XP level 10. HP: 88/88 MP: 9/9
  5499 | D:8      | Gained mutation: Your body sometimes deteriorates upon taking damage. [mutagenic meat]
  5505 | D:8      | Gained mutation: Your system is resistant to poisons. (rPois) [mutagenic meat]
  5508 | D:8      | Gained mutation: You are frail. (-10% HP) [mutagenic meat]
  5531 | D:8      | Noticed a death yak
  5599 | D:8      | Reached skill level 15 in Unarmed Combat
  5611 | D:8      | Killed a death yak
  6094 | D:8      | Reached skill level 16 in Unarmed Combat
  6174 | D:8      | Reached XP level 11. HP: 74/84 MP: 10/10
  6632 | D:8      | Noticed a three-headed hydra
  6653 | D:8      | Found a blossoming altar of Fedhas.
  6701 | D:8      | Found a staircase to the Lair.
  6714 | Lair:1   | Entered Level 1 of the Lair of Beasts
  7296 | Lair:1   | Reached skill level 5 in Fighting
  7364 | Lair:2   | Noticed a death yak
  7365 | Lair:2   | Noticed a death yak
  7365 | Lair:2   | Noticed a death yak
  7366 | Lair:2   | Noticed a death yak
  7788 | Lair:2   | Found a staircase to the Shoals.
  7982 | Lair:2   | Noticed an eight-headed hydra
  7994 | Lair:2   | Found a staircase to the Snake Pit.
  8062 | Lair:2   | Noticed a death yak
  8084 | Lair:2   | Killed a death yak
  8619 | Lair:2   | Killed an eight-headed hydra
  8740 | Lair:2   | Reached skill level 5 in Dodging
  8795 | Lair:1   | Killed a death yak
  8795 | Lair:1   | Reached XP level 12. HP: 106/106 MP: 11/11
  9145 | Lair:1   | Noticed a six-headed hydra
  9156 | Lair:1   | Killed a six-headed hydra
  9336 | Lair:1   | Killed a death yak
  9827 | Lair:5   | Found a staircase to the Slime Pits.
  9845 | Slime:1  | Entered Level 1 of the Pits of Slime
 10340 | Slime:1  | Noticed an acid blob
 10805 | Slime:1  | Noticed an acid blob
 10807 | Slime:1  | HP: 2/106 [acid (4)]
 10808 | Slime:1  | Splashed by an acid blob's acid

Vault maps used:
D:1:      elethiomel_arrival_diamonds
D:2:      zin_treasury, first_bread, corexii_corridor_pit,
          trog_three_pillars_becter
D:3:      corexii_shack_village, elyvilon_altar_4, uniq_iyjb
D:4:      lemuel_crystal_altar, uniq_eustachio, uniq_pikel, uniq_blork_the_orc,
          uniq_grinder
D:5:      grunt_temple_overflow_open, nicolae_ru_great_annihilating_truth,
          kennysheep_mini, eino_small_chamber_without_monster,
          hangedman_decor_riveting, minmay_misc_feat_alley
D:6:      serial_shops, nicolae_shop_crystal, small_statue_intersection,
          uniq_menkaure, uniq_duvessa
D:7:      nicolae_whirlpool
D:8:      argonaut_augean_stables, grunt_dithmenos_smoke_and_mirrors,
          lair_0_dummy, hangedman_ranch, minmay_strange_pillars, fedhas_altar_3
D:9:      lemuel_doored_altar
Temple:   cyrus_temple_forest
Lair:1:   beast_lair_carwin_large_3, grunt_megastairs_4
Lair:2:   elwin_shoals_entry_rocks, minmay_snake_entry_guardpost_small
Lair:4:   serial_bayou_shore_b, grunt_megastairs_1, uniq_sonja
Lair:5:   minmay_slime_entry_pillars, hibernation_bobbens,
          infiniplex_staircase_pool_2, serial_bayou_shore_a
Slime:1:  cheibrodos_slime_lost_civilization_5

Skill      XL: |  1  2  3  4  5  6  7  8  9 10 11 12 |
---------------+-------------------------------------+-----
Unarmed Combat | 4 5 6 8 9 12 14 16 | 16.2
Fighting       | 7 |  7.1
Dodging        | 5 8 |  8.9
Stealth        | |  1.1

Action                   |  1- 3 |  4- 6 |  7- 9 | 10-12 || total
-------------------------+-------+-------+-------+-------++-------
Melee: Unarmed           |    71 |    99 |   216 |   463 ||   849
       Punch             |     1 |     1 |    16 |    44 ||    62
Throw: Tomahawk          |       |       |     2 |       ||     2
Evoke: Wand              |       |       |       |     7 ||     7
  Use: Scroll            |     1 |     6 |     7 |    12 ||    26
       Potion            |     1 |     1 |     6 |     9 ||    17
 Stab: Sleeping          |     3 |     1 |       |     2 ||     6
       Paralysed         |       |       |     1 |       ||     1
  Eat: Chunk             |    14 |     5 |    15 |    49 ||    83
       Beef jerky        |     1 |       |       |       ||     1
       Bread ration      |       |       |     3 |     1 ||     4
       Fruit             |       |       |       |     1 ||     1
Armor: Robe              |    19 |    20 |    42 |   187 ||   268
       Animal skin       |       |     2 |    15 |       ||    17
       Skin              |       |       |       |    59 ||    59
Dodge: Dodged            |    37 |    46 |   101 |   207 ||   391
